AoeStats
← thinker

Nomad

505576129Analyzed
4v4 RM · 21d ago on Sep 10, 2026· 32m 53s· 8 players
Game mode
Random Map
Map size
231×231
Population
200
Speed
Normal
Resources
Standard
Victory
Conquest
Starting age
Dark Age
Ending age
Imperial Age
RankedLock teamsTeams togetherTeam positionsShared explorationLock speedFull tech treeHidden civsTurbo modeCheats
Victory
Defeat
🇵🇪 Spanish · Peru
995
+14
🇦🇷 Vietnamese · Argentina
979
+15
🇺🇸 Saracens · United States
953
+16
🇦🇺 Spanish · Australia
945
+18
🇺🇸 Koreans · United States
970
-16
🇺🇸 Franks · United States
968
-16
🇨🇳 Mongols · China
965
-19
🇨🇳 Khmer · China
935
-15
Goob
5:24 Loom
15:48 Feudal Age
16:21 Double-Bit Axe
23:21 Castle Age
22:14 Gold Mining
22:08 Horse Collar
23:03 Stone Mining
24:15 Pikeman
25:53 Wheelbarrow
26:03 Squires
26:27 Bow Saw
26:57 Town Watch
Richard Nixon
4:39 Loom
14:04 Feudal Age
14:50 Double-Bit Axe
19:22 Wheelbarrow
23:12 Castle Age
25:01 Forging
26:32 Hand Cart
26:34 Husbandry
26:32 Stone Mining
28:20 Scale Barding Armor
easymoney
14:04 Feudal Age
19:33 Castle Age
19:07 Horse Collar
19:36 Double-Bit Axe
25:11 Bow Saw
24:43 Horse Collar
27:56 Stone Mining
27:56 Gold Mining
28:26 Heavy Plow
30:04 Gold Shaft Mining
30:04 Stone Shaft Mining
29:52 Demolition Ship
34:18 Imperial Age
31:55 Nomads
33:45 Stone Shaft Mining
thinker
4:03 Loom
5:47 Loom
15:00 Feudal Age
19:26 Castle Age
18:34 Double-Bit Axe
19:33 Horse Collar
22:02 Bow Saw
26:09 Fishing Lines
27:04 Bloodlines
26:56 Husbandry
27:56 Scale Barding Armor
30:06 Heavy Plow
32:55 Fletching
33:06 Padded Archer Armor
33:29 Ballistics
Dirty F150
8:56 Loom
15:12 Feudal Age
16:09 Double-Bit Axe
19:35 Castle Age
17:56 Fletching
22:28 Bow Saw
23:55 Medium Warships
23:49 Bodkin Arrow
27:16 Ballistics
28:15 Scale Barding Armor
29:41 Forging
31:15 Horse Collar
larc87
9:06 Loom
17:31 Feudal Age
21:29 Castle Age
20:18 Double-Bit Axe
20:16 Horse Collar
20:55 Padded Archer Armor
20:46 Fletching
22:59 Leather Archer Armor
22:39 Bodkin Arrow
31:30 Imperial Age
30:29 Gold Mining
30:30 Stone Mining
Cheblin
8:39 Loom
14:42 Feudal Age
16:03 Fishing Lines
19:37 Double-Bit Axe
22:23 Castle Age
20:27 Gold Mining
22:30 Scale Mail Armor
23:35 Bow Saw
23:34 Gillnets
23:40 Town Watch
24:30 Wheelbarrow
24:06 Squires
25:26 Horse Collar
26:35 Chain Mail Armor
28:47 Heavy Plow
29:19 Fletching
30:26 Forging
30:04 Arson
31:57 Stone Mining
32:13 Town Patrol
33:32 Iron Casting
Gneisenau HK
5:57 Loom
16:27 Feudal Age
17:43 Double-Bit Axe
21:21 Castle Age
19:13 Horse Collar
19:21 Fishing Lines
20:15 Forging
20:10 Scale Barding Armor
22:52 Bow Saw
23:23 Gillnets
25:57 Bloodlines
25:48 Husbandry
25:29 Pikeman
27:33 Sanctity
28:22 Chain Barding Armor
31:58 Iron Casting
33:14 Redemption
Connection lost

Rejoining the realm…

Still unreachable

The connection could not be restored.

Session expired

The server has moved on; the page needs a fresh start.